 Dungeon Sprint DCSS version 0.24.0-125-gc4c63601f3 (webtiles) character file.

Game seed: 10764127317076532767, levelgen mode: deterministic

3204 Ponchio the Eclecticist (level 9, -2/45 HPs)
             Began as a Deep Elf Earth Elementalist on Feb 29, 2020.
             Shot with an arrow by a centaur warrior (17 damage)
             ... in the Dungeon (Sprint II: "The Violet Keep of Menkaure").
             The game lasted 00:08:56 (862 turns).

Ponchio the Eclecticist (DEEE)                       Turns: 862, Time: 00:08:57

Health: -2/45      AC:  2    Str:  3    XL:     9   Next: 65%
Magic:  10/30      EV: 22    Int: 24    God:
Gold:   972        SH:  0    Dex: 15    Spells: 24/39 levels left

rFire    . . .     SeeInvis .   (no weapon)
rCold    . . .     Gourm    .   (no shield)
rNeg     . . .     Faith    .   c - +0 robe
rPois    .         Spirit   .   (no helmet)
rElec    .         Reflect  .   (no cloak)
rCorr    .         Harm     .   (no gloves)
MR       .....     NoTele   +   (no boots)
Stlth    ++........             (no amulet)
HPRegen  0.15/turn              (no ring)
MPRegen  0.22/turn              (no ring)

@: no status effects
A: weak 1
a: no special abilities


You were in the Dungeon.
You were hungry.

You visited 1 branch You collected 972 gold pieces.

Inventory:

Missiles
 b - 17 stones (quivered)
Armour
 c - a +0 robe (worn)
Scrolls
 j - a scroll of blinking
Potions
 e - a potion of curing
 f - a potion of heal wounds
 h - a potion of magic
 i - a potion of berserk rage
Comestibles
 d - a ration


   Skills:
 + Level 14.2 Dodging
 - Level 2.4 Stealth
 - Level 15.6 Spellcasting
 - Level 1.1 Transmutations
 - Level 15.1 Earth Magic


You had 24 spell levels left.
You knew the following spells:

 Your Spells              Type           Power        Failure   Level  Hunger
a - Sandblast             Erth           ######       0%          1    None
b - Passwall              Tmut/Erth      ######..     1%          2    None
c - Stone Arrow           Conj/Erth      ######       1%          3    None
d - Petrify               Tmut/Erth      ######..     1%          4    None
e - Lee's Rapid Deconstr  Erth           ######....   1%          5    ##.....

Your spell library contained the following spells:

 Spells                   Type           Power        Failure   Level  Hunger


Dungeon Overview and Level Annotations

Branches:
Dungeon (1/1)

Altars:

Shops:
D }[:!==[(:?!:!}=%

Annotations:
D exclusion: oklob plant, Kirke


Innate Abilities, Weirdness & Mutations

You are weak. (Str -2)


Message History

The yaktaur captain wields a +0 arbalest.
The yaktaur captain shoots a bolt.
The bolt hits you!!
Ouch! That really hurt!
A skeletal warrior comes into view. It is wielding a +0 hand axe.
Casting: Lee's Rapid Deconstruction (safe; 1% risk of failure)
Confirm with . or Enter, or press ? or * to list all spells.
Aiming: Lee's Rapid Deconstruction (safe; 1% risk of failure)
Press: ? - help, Dir - move target cursor A stone wall.
The wall shatters!
The blast of rock fragments hits Kirke!!
Kirke is heavily wounded.
The blast of rock fragments hits the centaur warrior!
The centaur warrior is almost dead.
The blast of rock fragments hits the yaktaur captain!!
You kill the yaktaur captain!
Your Dodging skill gained 3 levels and is now at level 14!
The centaur warrior wields a +0 shortbow.
The centaur warrior shoots an arrow.
The arrow hits you!
You die...

####+#### ##§○°≈°○≈##
##°○○○≈○○≈○##
+≈°○°≈.≈≈○°§# z
#≈≈≈≈≈≈§°○# @c)≈## ≈°≈○≈≈#
############)≈#+++#+++##
###########≈≈≈..@......#
##........#≈≈≈≈.##'##..#
##...⌠....#≈≈≈≈##.#.##.#
##..∩.∩...#≈≈≈≈#..#..# ..
##.∩.∩.∩..#≈≈#####.#####..
##∩.∩.∩.∩.#≈##.#
#'###.##..
##.∩...∩.∩#≈#.####.##.#.#
.
##∩.....∩.'≈'##.'.<.'###+
##.......∩#≈#...##.##.# .


You could see Kirke, a skeletal warrior and a centaur warrior.

Vanquished Creatures
  A yaktaur captain (D)
  An obsidian statue (D)
  An orange crystal statue (D)
  A kobold demonologist (D)
  2 hippogriffs (D)
  4 neqoxecs (D)
  A vampire mosquito (D)
  Menkaure (D)
  4 worker ants (D)
  3 worms (D)
19 creatures vanquished.

Vanquished Creatures (others)
  A crocodile (D)
1 creature vanquished.

Grand Total: 20 creatures vanquished

Notes
Turn   | Place    | Note
-------+----------+-------------------------------------------
     0 | D        | Ponchio the Deep Elf Earth Elementalist began the quest for
                  | the Orb.
     0 | D        | Reached XP level 1. HP: 10/10 MP: 6/6
     1 | D        | Noticed a hippogriff
     1 | D        | Noticed a hippogriff
    10 | D        | Killed a hippogriff
    10 | D        | Reached skill level 10 in Earth Magic
    10 | D        | Reached XP level 2. HP: 10/15 MP: 5/13
    10 | D        | Reached XP level 3. HP: 13/19 MP: 5/15
    10 | D        | Reached XP level 4. HP: 17/24 MP: 5/16
    10 | D        | Reached XP level 5. HP: 20/28 MP: 5/18
    15 | D        | Killed a hippogriff
    15 | D        | Reached skill level 10 in Spellcasting
    15 | D        | Reached XP level 6. HP: 12/32 MP: 0/21
    19 | D        | Learned a level 2 spell: Passwall
    23 | D        | Learned a level 3 spell: Stone Arrow
    28 | D        | Learned a level 4 spell: Petrify
    34 | D        | Learned a level 5 spell: Lee's Rapid Deconstruction
   231 | D        | Noticed a neqoxec
   231 | D        | Noticed a neqoxec
   231 | D        | Noticed a neqoxec
   231 | D        | Noticed a neqoxec
   231 | D        | Gained mutation: You are weak. (Str -2) [a neqoxec]
   234 | D        | Killed a neqoxec
   234 | D        | Killed a neqoxec
   234 | D        | Reached XP level 7. HP: 36/36 MP: 12/24
   235 | D        | Killed a neqoxec
   235 | D        | Killed a neqoxec
   358 | D        | Reached skill level 15 in Earth Magic
   378 | D        | Found Ethujeot's Jewellery Boutique.
   378 | D        | Found Deujoegaod's Distillery.
   378 | D        | Found Udovol's Magic Scroll Boutique.
   378 | D        | Found Dadinkyr's Distillery.
   378 | D        | Found Vimef's Book Shop.
   379 | D        | Found Vuahot's Food Shop.
   379 | D        | Found Rutevauck's Book Shop.
   379 | D        | Found Getaps's Antique Weapon Shop.
   397 | D        | Noticed an orange crystal statue
   523 | D        | Killed an orange crystal statue
   523 | D        | Reached skill level 15 in Spellcasting
   523 | D        | Reached XP level 8. HP: 41/41 MP: 20/29
   575 | D        | Noticed an obsidian statue
   576 | D        | Noticed Menkaure
   581 | D        | Killed Menkaure
   581 | D        | Reached skill level 5 in Dodging
   614 | D        | Found Ulozah's Antique Armour Shop.
   614 | D        | Found Pyvakya's Jewellery Boutique.
   614 | D        | Noticed a slime creature
   615 | D        | Found Daan's Gadget Boutique.
   650 | D        | Noticed a slime creature
   651 | D        | Found Zuugei's Jewellery Shop.
   651 | D        | Found Nijy Imi's Distillery.
   651 | D        | Noticed a slime creature
   651 | D        | Noticed an oklob plant
   679 | D        | Found Potiudd's Antique Armour Shop.
   679 | D        | Found Ufoist's Gadget Boutique.
   679 | D        | Found Goxierob's Book Shoppe.
   680 | D        | Noticed a hippogriff
   682 | D        | Noticed a hippogriff
   683 | D        | Noticed a hippogriff
   727 | D        | Killed an obsidian statue
   727 | D        | Reached skill level 10 in Dodging
   727 | D        | Reached XP level 9. HP: 45/45 MP: 19/30
   858 | D        | Noticed Kirke
   858 | D        | Noticed a yaktaur captain
   858 | D        | Noticed a kobold demonologist
   860 | D        | Noticed a centaur warrior
   861 | D        | Killed a kobold demonologist
   861 | D        | Noticed a skeletal warrior
   862 | D        | Killed a yaktaur captain
   862 | D        | Shot with an arrow by a centaur warrior

Levels and vault maps discovered:
D:        the_violet_keep_of_menkaure [sprint2_stairs_cluster_1,
          sprint2_shoproom, sprint2_temple, sprint2_basic_supplies,
          sprint2_obstacle_4, sprint2_obstacle_7, sprint2_obstacle_3,
          sprint2_obstacle_5, sprint2_obstacle_6, sprint2_timed_cluster_1,
          sprint2_smallroom_cluster_1, sprint2_smallroom_final_cluster_1,
          sprint2_transparent_cluster_1, sprint2_second_timed_cluster_1,
          sprint2_sniper_area_1, sprint2_heavy_combat_area_1,
          sprint2_mutation_trap_area_1, sprint2_forest_area_1,
          sprint2_light_combat_area_1, sprint2_behind_water_1,
          sprint2_near_end_vault_1]

Skill      XL: |  1  2  3  4  5  6  7  8  9 |
---------------+----------------------------+-----
Spellcasting   | 8 10 11 15 | 15.6
Earth Magic    | 10 12 13 15 | 15.1
Dodging        | 10 14 | 14.2
Stealth        | |  2.4
Transmutations | |  1.1

Action                   |  1- 3 |  4- 6 |  7- 9 || total
-------------------------+-------+-------+-------++-------
 Cast: Sandblast         |     6 |     6 |     1 ||    13
       Lee's Rapid Decon |       |     1 |    16 ||    17
  Use: Potion            |     2 |       |       ||     2
Armor: Robe              |     1 |     1 |       ||     2
Dodge: Dodged            |     9 |     5 |       ||    14
